 Dungeon Crawl Stone Soup version 0.32-a0-913-g739538afd8 (webtiles) character file.

Game seed: 5289421906122558573

926 dialectric the Trooper (level 7, -1/61 HPs)
             Began as a Minotaur Shapeshifter on Apr 8, 2024.
             Killed from afar by a white imp (8 damage)
             ... with a puff of frost
             ... on level 5 of the Dungeon.
             The game lasted 00:05:02 (3386 turns).

dialectric the Trooper (Minotaur Shapeshifter)      Turns: 3386, Time: 00:05:02

Health: -1/61      AC: 12    Str: 20    XL:     7   Next: 85%
Magic:  6/6        EV: 12    Int:  7    God:
Gold:   193        SH:  0    Dex: 10    Spells: 6/6 levels left

rFire   . . .        A - +0 flail (protect)
rCold   . . .        (no shield)
rNeg    . . .        z - +2 leather armour {rPois}
rPois   +            (helmet currently unavailable)
rElec   .            (cloak currently unavailable)
rCorr   .            (gloves currently unavailable)
SInv    .            (boots currently unavailable)
Will    .....        (no amulet)
Stlth   +            (no ring)
HPRegen 0.30/turn    (no ring)
MPRegen 0.10/turn

%: no passive effects
@: beast-form, under a protective aura
A: beast (slay +2), horns 2, retaliatory headbutt
a: Begin Untransformation


You were on level 5 of the Dungeon.
You were a hulking beast.
You visited 1 branch of the dungeon, and saw 5 of its levels.

You collected 193 gold pieces.

Inventory:

Hand Weapons
 p - a +0 morningstar
 A - a +0 flail of protection (weapon)
Missiles
 f - 5 curare-tipped darts (quivered)
 E - 3 poisoned darts
Armour
 a - a +0 animal skin
 j - a +0 troll leather armour
 k - a +2 buckler of protection
 x - a +0 plate armour
 z - a +2 leather armour of poison resistance (worn)
 D - a +0 pair of gloves
Jewellery
 o - a ring of flight
 q - an amulet of magic regeneration
Talismans
 c - a beast talisman (active)
 d - a flux talisman
Wands
 r - a wand of charming (2)
Scrolls
 g - 3 scrolls of enchant armour {unknown}
 h - a scroll of poison {unknown}
 m - 2 scrolls of identify {unknown}
 n - 2 scrolls of teleportation {unknown}
 s - a scroll of blinking {unknown}
 t - a scroll of enchant weapon {unknown}
 v - 3 scrolls of acquirement {unknown}
 w - 2 scrolls of fear {unknown}
 y - a scroll of revelation {unknown}
Potions
 b - 4 potions of lignification
 e - 3 potions of curing {unknown}
 i - a potion of berserk rage {unknown}
 l - 2 potions of heal wounds {unknown}
 u - 2 potions of degeneration {unknown}
 B - a potion of enlightenment {unknown}
 C - a potion of brilliance {unknown}


   Skills:
 + Level 5.0 Fighting
 + Level 4.1 Maces & Flails
 + Level 4.4 Armour
 + Level 5.0 Dodging
 - Level 3.2 Unarmed Combat
 + Level 4.0 Shapeshifting


You had 6 spell levels left.
You didn't know any spells.
Your spell library contained the following spells:

 Spells                   Type           Power      Damage    Failure   Level
 Magic Dart               Conj           0%         1d3       47%         1
 Searing Ray              Conj           0%         2d4       63%         2
 Fulminant Prism          Conj/Alch      0%         3d5       99%         4
 Summon Forest            Summ/Tloc      0%         N/A       100%        5
 Eringya's Noxious Bog    Alch           0%         4d6       100%        6
 Summon Hydra             Summ           0%         N/A       100%        7


Dungeon Overview and Level Annotations

Branches:
Dungeon (5/15)
 Temple: D:4-7

Altars:
Dithmenos
Hepliaklqana
Sif Muna
Xom

Shops:
D:1 [   D:5 *

Annotations:
D:4 3 runed translucent doors, Sirjeffry24's ghost, amateur MDFi


Innate Abilities, Weirdness & Mutations

You are a hulking beast.
Your limbs bulge with bestial killing power. (Slay +2)
You have a pair of horns on your head.
You reflexively headbutt those who attack you in melee.


Message History

Your Shapeshifting skill increases to level 4!
You hit the orc.
The orc is almost dead.
The orc hits you but does no damage.
Unknown command.
You sock the orc!
You kill the orc!
Unknown command.
You closely miss the white imp. Your headbutt misses the white imp.
The white imp completely misses you.
You closely miss the white imp. The white imp gestures at you.
The puff of frost hits you.
* * * LOW HITPOINT WARNING * * *
The white imp shouts, "Despond, thou pox-marked boil-brained calf-wit!"
The white imp hits you but does no damage.
Unknown command.
You hit the white imp.
The white imp is severely wounded.
The white imp barely misses you.
Unknown command.
You barely miss the white imp.
The white imp is severely wounded.
The white imp gestures at you. The puff of frost hits you.
* * * LOW HITPOINT WARNING * * *
Unknown command.
You hit the white imp. Your headbutt misses the white imp.
The white imp is almost dead.
The white imp gestures at you. The puff of frost misses you.
You barely miss the white imp.
The white imp is almost dead.
The white imp gestures at you. The puff of frost misses you.
You hit the white imp but do no damage.
The white imp is almost dead.
The white imp gestures at you. The puff of frost hits you!
You die...

### ... .. ...
..#.# #[###...#
#.##..#.#
#5#..#...##
#h#.#.#.#.### #
#.#.........######
#.#.#.#.#.#.......
##.##........######
#.:.###.†###.# #
##.##....# #.# #
#.#.#.#.# #.# #
#....#......# #.# #
####.#.###### #.# #


You could see a white imp.

Vanquished Creatures
  2 ogres (D:5)
  A centaur (D:5)
  A phantom (D:4)
  A scorpion (D:5)
  A bombardier beetle (D:5)
  4 jellies (D:5)
  3 hounds
  3 iguanas (D:5)
  An orc wizard (D:4)
  8 adders
  A shadow imp (D:5)
  2 dart slugs (D:4)
  A ribbon worm (D:4)
  19 orcs
  10 endoplasms
  A giant cockroach (D:3)
  12 goblins
  6 hobgoblins
  10 kobolds
  3 quokkas
  4 ball pythons
  5 bats
  4 frilled lizards
  8 rats
111 creatures vanquished.

Vanquished Creatures (others)
  A hound (D:5)
1 creature vanquished.

Grand Total: 112 creatures vanquished

Notes
Turn   | Place    | Note
-------+----------+-------------------------------------------
     0 | D:1      | dialectric the Minotaur Shapeshifter began the quest for
                  | the Orb.
     0 | D:1      | Reached XP level 1. HP: 16/16 MP: 0/0
    31 | D:1      | Found Yptaydut's Antique Armour Emporium.
    89 | D:1      | Reached XP level 2. HP: 12/24 MP: 1/1
   435 | D:1      | Reached XP level 3. HP: 29/29 MP: 2/2
   944 | D:2      | Reached skill level 1 in Armour
  1017 | D:2      | Found a shimmering blue altar of Sif Muna.
  1401 | D:3      | Found a shimmering altar of Xom.
  1546 | D:3      | Reached XP level 4. HP: 32/37 MP: 3/3
  1608 | D:3      | Found a faded altar of an unknown god.
  2182 | D:4      | Reached skill level 1 in Maces & Flails
  2199 | D:4      | Reached XP level 5. HP: 37/45 MP: 4/4
  2284 | D:4      | Noticed Sirjeffry24's ghost (amateur MDFi)
  2315 | D:4      | Found a runed translucent gate.
  2315 | D:4      | Found a runed translucent gate.
  2315 | D:4      | Found a runed translucent gate.
  2335 | D:4      | Noticed a phantom
  2341 | D:4      | Killed a phantom
  2342 | D:4      | Reached XP level 6. HP: 49/51 MP: 5/5
  2491 | D:4      | Found a shadowy altar of Dithmenos.
  2491 | D:4      | Noticed a shadow
  2493 | D:4      | Found a hazy altar of Hepliaklqana.
  2694 | D:5      | Entered Level 5 of the Dungeon
  2917 | D:5      | Reached XP level 7. HP: 53/59 MP: 6/6
  2956 | D:5      | Found Pyothoff's Mayhem Merchandise.
  3378 | D:5      | Reached skill level 5 in Fighting
  3378 | D:5      | Reached skill level 5 in Dodging
  3386 | D:5      | Killed from afar by a white imp

Illustrated notes

Levels and vault maps discovered:
D:1:      dpeg_arrival_boxorama, layout_rooms, serial_shops, shop
D:2:      layout_loops_cross, basic_altar, st_stairs_1, minivault_25,
          grunt_ministairs_9
D:3:      layout_basic, xom_redecorated, basic_ecumenical_altar
D:4:      layout_rooms, riverfiend_overflow_shadow_ancestor,
          gammafunk_ghost_icy, dk_noncrumbling_3
D:5:      minmay_diamond_boxcup, layout_loops_ring, minmay_shop_mayhem,
          dk_vineyard_3, minmay_manual_monstrance

Skill      XL: |  1  2  3  4  5  6  7 |
---------------+----------------------+-----
Fighting       | 2 3 4 5 |  5.0
Dodging        | 3 4 5 |  5.0
Armour         | 1 2 3 4 |  4.4
Shapeshifting  | 3 4 |  4.0
Maces & Flails | 1 2 3 4 |  4.1
Unarmed Combat | |  3.2

Action                     |  1- 3 |  4- 6 |  7- 9 || total
---------------------------+-------+-------+-------++-------
  Melee: Unarmed           |    78 |       |       ||    78
         Headbutt          |    10 |    15 |     8 ||    33
         Punch             |     2 |       |       ||     2
         Morningstar       |     7 |    92 |    16 ||   115
         Flail             |       |       |    36 ||    36
  Throw: Dart              |     1 |       |       ||     1
  Evoke: Wand              |       |     2 |       ||     2
 Armour: Animal skin       |    33 |       |       ||    33
         Troll leather arm |    19 |    75 |    21 ||   115
         Leather armour    |       |       |    27 ||    27
  Dodge: Dodged            |    49 |    67 |    56 ||   172

Table legend: (Time is in decaauts)
 A = Elapsed time spent in this place.
 B = Non-inter-level travel time spent in this place.
 C = Inter-level travel time spent in this place.
 D = Time resting spent in this place.
 E = Time spent auto-exploring this place.
 F = Levels seen in this place.
 G = Mean time per level.
                   A        B        C        D        E       F      G
               +--------+--------+--------+--------+--------+-----+--------+
         Total |   3434 |   3282 |    152 |     12 |   2483 |   5 |  686.8 |
       Dungeon |   3434 |   3282 |    152 |     12 |   2483 |   5 |  686.8 |
               +--------+--------+--------+--------+--------+-----+--------+

Top non-repeatable levels by time:
     D:3: 780 daAuts
     D:2: 722 daAuts
     D:5: 672 daAuts
     D:4: 651 daAuts
     D:1: 607 daAuts
